 Dungeon Crawl Stone Soup version 0.22.0-16-gc6d26f69f9 (webtiles) character file.

3204 IceCat the Magician (level 9, -2/71 HPs)
             Began as a Gnoll Skald on Aug 17, 2018.
             Was an Initiate of Cheibriados.
             Killed from afar by a manticore (10 damage)
             ... with a volley of spikes
             ... on level 8 of the Dungeon.
             The game lasted 00:21:36 (5486 turns).

IceCat the Magician (Gnoll Skald)                   Turns: 5486, Time: 00:21:37

Health: -2/71      AC: 16    Str: 18    XL:     9   Next: 96%
Magic:  16/19      EV: 15    Int: 18    God:    Cheibriados [......]
Gold:   349        SH:  0    Dex: 16    Spells: 10/21 levels left

rFire    + . .     SeeInvis .   j - +3 hunting sling (flame)
rCold    . . .     Gourm    .   (no shield)
rNeg     . . .     Faith    .   l - +4 ring mail
rPois    .         Spirit   .   h - +2 helmet
rElec    .         Reflect  .   (no cloak)
rCorr    .         Harm     .   a - +0 pair of gloves
MR       .....                  (no boots)
Stlth    ++........             i - amulet of regeneration
HPRegen  1.61/turn              F - ring of protection from fire
MPRegen  0.16/turn              q - ring of wizardry

@: shrouded (expiring), barbed spikes, regenerating (expiring), very slow
A: distributed training, fangs 1, hooves 1, thin metallic scales 1, clever 1,
deterioration 1, strong nose
a: Bend Time, Renounce Religion


You were on level 8 of the Dungeon.
You worshipped Cheibriados.
Cheibriados was noncommittal.
You were not hungry.

You visited 2 branches of the dungeon, and saw 9 of its levels.
You also visited: Sewer.

You collected 349 gold pieces.

Inventory:

Hand Weapons
 j - a +3 hunting sling of flaming (weapon)
Missiles
 e - 3 throwing nets
 t - 56 stones (quivered)
 C - 3 tomahawks
Armour
 a - a +0 pair of gloves (worn)
 h - a +2 helmet (worn)
 l - a +4 ring mail (worn)
Jewellery
 i - an amulet of regeneration (around neck)
 q - a ring of wizardry (right hand)
 F - a ring of protection from fire (left hand)
Wands
 u - a wand of clouds (5)
 A - a wand of polymorph (12)
Scrolls
 b - 3 scrolls of immolation {unknown}
 d - a scroll of magic mapping
 f - 3 scrolls of remove curse
 g - a scroll of enchant weapon
 n - 3 scrolls of teleportation
 o - 7 scrolls of identify
 s - a scroll of fog {unknown}
 v - a scroll of fear {unknown}
 y - a scroll of amnesia {unknown}
 G - a scroll of blinking {unknown}
Potions
 k - 2 potions of heal wounds {unknown}
 m - 3 potions of lignification {unknown}
 p - 2 potions of agility {unknown}
 w - a potion of flight
 x - a potion of magic {unknown}
 z - a potion of might {unknown}
 B - a potion of ambrosia {unknown}
Comestibles
 c - 16 rations


   Skills:
 + Level 6.6 Fighting
 + Level 4.6 Short Blades
 + Level 4.6 Long Blades
 + Level 4.6 Axes
 + Level 4.6 Maces & Flails
 + Level 4.6 Polearms
 + Level 4.6 Staves
 + Level 4.6 Slings
 + Level 4.6 Bows
 + Level 4.6 Crossbows
 + Level 4.6 Throwing
 + Level 5.4 Armour
 + Level 6.6 Dodging
 + Level 4.6 Stealth
 + Level 4.6 Shields
 + Level 6.6 Unarmed Combat
 + Level 6.9 Spellcasting
 + Level 3.8 Conjurations
 + Level 3.8 Hexes
 + Level 6.7 Charms
 + Level 3.8 Summonings
 + Level 3.8 Necromancy
 + Level 3.8 Translocations
 + Level 3.8 Transmutations
 + Level 3.8 Fire Magic
 + Level 3.8 Ice Magic
 + Level 3.8 Air Magic
 + Level 3.8 Earth Magic
 + Level 3.8 Poison Magic
 + Level 5.1 Invocations
 + Level 4.6 Evocations


You had 10 spell levels left.
You knew the following spells:

 Your Spells              Type           Power        Failure   Level  Hunger
a - Infusion              Chrm           ####         1%          1    None
b - Song of Slaying       Chrm           ####....     1%          2    None
c - Shroud of Golubria    Chrm/Tloc      ####......   1%          2    None
d - Regeneration          Chrm/Necr      ####......   2%          3    ##.....
e - Ozocubu's Armour      Chrm/Ice       ####....     2%          3    ##.....

Your spell library contained the following spells:

 Spells                   Type           Power        Failure   Level  Hunger
 Throw Frost              Conj/Ice       ###...       2%          2    None
 Freeze                   Ice            ###.         1%          1    None
 Summon Ice Beast         Ice/Summ       ###.....     16%         4    ####...
 Throw Icicle             Conj/Ice       ###.....     16%         4    ####...
 Spectral Weapon          Hex/Chrm       ####....     2%          3    ##.....


Dungeon Overview and Level Annotations

Branches:
Dungeon (8/15)             Temple (1/1) D:7
   Lair: D:8-11

Altars:
Ashenzari
Cheibriados
Dithmenos
Gozag
Kikubaaqudgha
Makhleb
Nemelex Xobeh
Qazlal
Ru
Sif Muna
Vehumet
Wu Jian
Xom
Zin
The Shining One

Annotations:
D:5 3 runed doors, Htamos's ghost, novice TrHu


Innate Abilities, Weirdness & Mutations

Your experience applies equally to all skills.
You have very sharp teeth.
Your uncanny sense of smell can sniff out nearby items.
You have large cloven feet.
You are partially covered in thin metallic scales. (AC +2)
Your mind is acute. (Int +2)
Your body sometimes deteriorates upon taking damage.


Message History

The manticore is severely wounded.
The manticore flicks its tail.
The volley of spikes hits you!
Firing (i - inventory. (/) - cycle)
t - 57 stones (quivered)
Press: ? - help, Shift-Dir - straight line, f/p - manticore
Aim: a manticore (severely wounded)
You shoot a stone. The stone hits the manticore!
The stone burns the manticore.
The manticore is severely wounded.
Your shroud begins to fray at the edges.
The manticore flicks its tail.
The volley of spikes hits you!
The barbed spikes become lodged in your body.
* * * LOW HITPOINT WARNING * * *
The barbs in your skin will harm you if you move.
Continue?
Uppercase [Y]es or [N]o only, please.
The barbs in your skin will harm you if you move.
Continue?
The manticore flicks its tail.
The volley of spikes hits you!
The barbed spikes become lodged in your body.
You die...

.....#..#
[$[..#..#
$:$..(..#
?$[. #(.#
.....#H.#
.....#..#
######..#
........#
.......@#
#########


You could see a manticore.

Vanquished Creatures
  Harold (D:7)
  A hippogriff (D:7)
  A spriggan (D:7)
  Menkaure (D:5)
  Purgy (Sewer)
  An ice beast (D:6)
  A necrophage (D:7)
  2 sky beasts (D:7)
  An ogre (D:5)
  2 phantoms
  2 bullfrogs (D:6)
  2 scorpions
  8 wights
  A howler monkey (D:4)
  4 crimson imps
  2 hounds
  An orc priest (D:3)
  A bullfrog skeleton (D:5)
  A jelly (D:6)
  2 orc wizards (D:5)
  A centaur skeleton (D:6)
  Terence (D:3)
  An iguana (D:5)
  2 worker ants
  A hound skeleton (D:4)
  8 gnolls
  9 adders
  A shadow imp (D:6)
  2 adder skeletons (D:5)
  An adder zombie (D:6)
  4 worms (D:3)
  2 dart slugs (D:2)
  2 leopard geckos
  7 orcs
  3 ball pythons
  5 bats
  7 giant cockroaches
  13 goblins
  6 hobgoblins
  4 jackals (D:7)
  7 quokkas
  11 frilled lizards
  6 kobolds
  9 rats
  2 plants (D:1)
151 creatures vanquished.

Notes
Turn   | Place    | Note
-------+----------+-------------------------------------------
     0 | D:1      | IceCat the Gnoll Skald began the quest for the Orb.
     0 | D:1      | Reached XP level 1. HP: 20/20 MP: 6/6
   185 | D:1      | Reached XP level 2. HP: 22/26 MP: 7/7
   491 | D:1      | Reached XP level 3. HP: 31/31 MP: 9/9
   702 | D:2      | Reached skill level 5 in Spellcasting
   848 | D:2      | Reached skill level 1 in Invocations
   962 | D:2      | Reached skill level 1 in Short Blades
   962 | D:2      | Reached skill level 1 in Long Blades
   962 | D:2      | Reached skill level 1 in Axes
   962 | D:2      | Reached skill level 1 in Maces & Flails
   962 | D:2      | Reached skill level 1 in Polearms
   962 | D:2      | Reached skill level 1 in Staves
   962 | D:2      | Reached skill level 1 in Slings
   962 | D:2      | Reached skill level 1 in Bows
   962 | D:2      | Reached skill level 1 in Crossbows
   962 | D:2      | Reached skill level 1 in Throwing
   962 | D:2      | Reached skill level 1 in Stealth
   962 | D:2      | Reached skill level 1 in Shields
   962 | D:2      | Reached skill level 1 in Evocations
   963 | D:2      | Reached XP level 4. HP: 21/38 MP: 11/11
  1248 | D:3      | Found a stormy altar of Qazlal.
  1254 | D:3      | Reached skill level 1 in Conjurations
  1254 | D:3      | Reached skill level 1 in Hexes
  1254 | D:3      | Reached skill level 1 in Summonings
  1254 | D:3      | Reached skill level 1 in Necromancy
  1254 | D:3      | Reached skill level 1 in Translocations
  1254 | D:3      | Reached skill level 1 in Transmutations
  1254 | D:3      | Reached skill level 1 in Fire Magic
  1254 | D:3      | Reached skill level 1 in Ice Magic
  1254 | D:3      | Reached skill level 1 in Air Magic
  1254 | D:3      | Reached skill level 1 in Earth Magic
  1254 | D:3      | Reached skill level 1 in Poison Magic
  1257 | D:3      | Found an ornate altar of the Wu Jian Council.
  1260 | D:3      | Found a glowing golden altar of the Shining One.
  1274 | D:3      | Found a shadowy altar of Dithmenos.
  1274 | D:3      | Found a deep blue altar of Sif Muna.
  1274 | D:3      | Found an ancient bone altar of Kikubaaqudgha.
  1275 | D:3      | Found a glowing silver altar of Zin.
  1277 | D:3      | Found a sacrificial altar of Ru.
  1279 | D:3      | Found a sparkling altar of Nemelex Xobeh.
  1280 | D:3      | Found a radiant altar of Vehumet.
  1282 | D:3      | Found a burning altar of Makhleb.
  1336 | D:3      | Reached XP level 5. HP: 42/43 MP: 8/12
  1341 | D:3      | Learned a level 2 spell: Song of Slaying
  1344 | D:3      | Learned a level 2 spell: Shroud of Golubria
  1349 | D:3      | Learned a level 3 spell: Regeneration
  1668 | D:3      | Noticed Terence
  1687 | D:3      | Killed Terence
  1868 | D:4      | Found a shattered altar of Ashenzari.
  1912 | D:4      | Reached XP level 6. HP: 44/50 MP: 13/13
  2060 | D:4      | Reached skill level 5 in Fighting
  2060 | D:4      | Reached skill level 5 in Dodging
  2060 | D:4      | Reached skill level 5 in Unarmed Combat
  2615 | D:5      | Entered Level 5 of the Dungeon
  2660 | D:5      | Noticed a phantom
  2666 | D:5      | Noticed Menkaure
  2674 | D:5      | Killed a phantom
  2674 | D:5      | Reached XP level 7. HP: 56/56 MP: 15/15
  2691 | D:5      | Killed Menkaure
  2808 | D:5      | Found a runed gate.
  2809 | D:5      | Found a runed gate.
  2809 | D:5      | Found an opulent altar of Gozag.
  2810 | D:5      | Found a runed gate.
  2811 | D:5      | Noticed Htamos's ghost (novice TrHu)
  2925 | D:5      | Found a glowing drain.
  2948 | Sewer    | Entered a sewer
  2964 | Sewer    | Noticed Purgy
  2975 | Sewer    | Killed Purgy
  3048 | Sewer    | Reached XP level 8. HP: 63/63 MP: 16/16
  4512 | D:7      | Reached XP level 9. HP: 48/69 MP: 11/18
  4523 | D:7      | Learned a level 3 spell: Ozocubu's Armour
  4567 | D:7      | Noticed Harold
  4574 | D:7      | Found a staircase to the Ecumenical Temple.
  4629 | D:7      | Gained mutation: You are partially covered in thin metallic scales. (AC +2) [potion of mutation]
  4629 | D:7      | Gained mutation: Your mind is acute. (Int +2) [potion of mutation]
  4629 | D:7      | Gained mutation: Your body sometimes deteriorates upon taking damage. [potion of mutation]
  4629 | D:7      | Gained mutation: You have large cloven feet. [potion of mutation]
  4634 | D:7      | Killed Harold
  4634 | D:7      | Reached skill level 5 in Armour
  5137 | D:7      | Reached skill level 5 in Invocations
  5387 | Temple   | Entered the Ecumenical Temple
  5397 | Temple   | Became a worshipper of Cheibriados the Contemplative
  5452 | D:8      | Noticed a manticore
  5486 | D:8      | Killed from afar by a manticore

Skill      XL: |  1  2  3  4  5  6  7  8  9 |
---------------+----------------------------+-----
Spellcasting   | 5 6 |  6.9
Invocations    | 1 2 3 4 5 |  5.1
Short Blades   | 1 2 3 4 |  4.6
Long Blades    | 1 2 3 4 |  4.6
Axes           | 1 2 3 4 |  4.6
Maces & Flails | 1 2 3 4 |  4.6
Polearms       | 1 2 3 4 |  4.6
Staves         | 1 2 3 4 |  4.6
Slings         | 1 2 3 4 |  4.6
Bows           | 1 2 3 4 |  4.6
Crossbows      | 1 2 3 4 |  4.6
Throwing       | 1 2 3 4 |  4.6
Stealth        | 1 2 3 4 |  4.6
Shields        | 1 2 3 4 |  4.6
Evocations     | 1 2 3 4 |  4.6
Conjurations   | 1 2 3 |  3.8
Hexes          | 1 2 3 |  3.8
Summonings     | 1 2 3 |  3.8
Necromancy     | 1 2 3 |  3.8
Translocations | 1 2 3 |  3.8
Transmutations | 1 2 3 |  3.8
Fire Magic     | 1 2 3 |  3.8
Ice Magic      | 1 2 3 |  3.8
Air Magic      | 1 2 3 |  3.8
Earth Magic    | 1 2 3 |  3.8
Poison Magic   | 1 2 3 |  3.8
Armour         | 3 4 5 |  5.4
Fighting       | 5 6 |  6.6
Dodging        | 5 6 |  6.6
Unarmed Combat | 5 6 |  6.6
Charms         | 6 |  6.7

Action                   |  1- 3 |  4- 6 |  7- 9 || total
-------------------------+-------+-------+-------++-------
Melee: Unarmed           |   242 |   126 |   136 ||   504
       Bite              |    31 |    16 |    22 ||    69
       Punch             |     7 |     2 |     1 ||    10
       Kick              |       |       |     3 ||     3
 Fire: Hunting sling     |       |    43 |   310 ||   353
 Cast: Infusion          |       |     3 |     7 ||    10
       Shroud of Golubri |       |     2 |    12 ||    14
       Regeneration      |       |     1 |     4 ||     5
  Use: Scroll            |       |     1 |     6 ||     7
       Potion            |       |       |     4 ||     4
 Stab: Sleeping          |       |       |     1 ||     1
       Invisible         |       |       |     4 ||     4
  Eat: Chunk             |     1 |     4 |     6 ||    11
       Ration            |       |       |     2 ||     2
Armor: Leather armour    |    36 |    19 |       ||    55
       Ring mail         |       |    23 |   119 ||   142
Dodge: Dodged            |   114 |    94 |   187 ||   395
